 Dungeon Crawl Stone Soup version 0.29-a0-330-g52719c12eb (webtiles) character file.

Game seed: 12307738448927420325

10395 dohliylev the Grappler (level 11, -35/101 HPs)
             Began as a Troll Warper on May 11, 2022.
             Was the Champion of Okawaru.
             Annihilated by a titanic slime creature (39 damage)
             ... on level 13 of the Dungeon.
             The game lasted 00:35:50 (9890 turns).

dohliylev the Grappler (Troll Warper)               Turns: 9890, Time: 00:35:51

Health: -35/101    AC: 16    Str: 33    XL:     11   Next: 35%
Magic:  15/15      EV:  1    Int:  9    God:    Okawaru [******]
Gold:   532        SH:  9    Dex:  9    Spells: 12/17 levels left

rFire   + . .      SeeInvis +     - Unarmed
rCold   + . .      Faith    +   f - +0 tower shield "Izxuutem" {Will+ Str+2}
rNeg    + + .      Spirit   .   K - +1 gold dragon scales "Tocu" {rPois rF+ rC+ rN++ Regen+ Slay-2 SInv}
rPois   +          Reflect  .   (helmet restricted)
rElec   .          Harm     .   (no cloak)
rCorr   .          Rampage  .   (gloves unavailable)
Will    ++...                   (boots unavailable)
Stlth   ..........              H - amulet of Peuw Zunk {Faith Will+ Stlth+}
HPRegen 1.86/turn               d - +4 ring of slaying
MPRegen 0.14/turn               q - +6 ring of strength

@: no status effects
A: large, unfitting armour, claws 3, regeneration 1, shaggy fur 1, tough skin 1
a: Renounce Religion, Heroism, Finesse, Duel


You were on level 13 of the Dungeon.
You worshipped Okawaru.
Okawaru was exalted by your worship.
You visited 2 branches of the dungeon, and saw 16 of its levels.
You also visited: Sewer.

You collected 532 gold pieces.

Inventory:

Hand Weapons
 p - the +8 rapier "Ogre's Funeral" {vorpal, *Rage rCorr MP+9}
   (You found it on level 2 of the Dungeon)

   It inflicts extra damage upon your enemies.
   MP:        It affects your magic capacity (+9).
   *Rage:     It berserks you when you make melee attacks (+20% chance).
   rCorr:     It protects you from acid and corrosion.
Missiles
 c - 7 boomerangs of dispersal
 G - 4 boomerangs (quivered)
Armour
 f - the +0 tower shield "Izxuutem" (worn) {Will+ Str+2}
   (You acquired it on level 13 of the Dungeon)

   Str:       It affects your strength (+2).
   Will:      It increases your willpower.
 F - +0 acid dragon scales
 J - +0 steam dragon scales
 K - the +1 gold dragon scales "Tocu" (worn) {rPois rF+ rC+ rN++ Regen+ Slay-2 SInv}
   (Okawaru gifted it to you on level 9 of the Dungeon)

   Slay:      It affects your accuracy & damage with ranged weapons and melee
   (-2).
   rF:        It protects you from fire.
   rC:        It protects you from cold.
   rPois:     It protects you from poison.
   rN:        It greatly protects you from negative energy.
   SInv:      It lets you see invisible.
   Regen:     It increases your rate of health regeneration.
Jewellery
 a - a ring of willpower
 d - a +4 ring of slaying (left claw)
 q - a +6 ring of strength (right claw)
 H - the amulet of Peuw Zunk (around neck) {Faith Will+ Stlth+}
   (You found it on level 6 of the Dungeon)

   [amulet of faith]

   It allows you to gain divine favour quickly.
   Will:      It increases your willpower.
   Stlth:     It makes you more stealthy.
 M - a +6 ring of intelligence
Wands
 n - a wand of polymorph (2)
 y - a wand of flame (22)
 D - a wand of paralysis (2)
Scrolls
 b - 2 scrolls of blinking
 g - 3 scrolls of enchant weapon
 h - a scroll of holy word
 l - 3 scrolls of teleportation
 r - a scroll of amnesia
 t - a scroll of fog
 w - 2 scrolls of fear
 x - 4 scrolls of identify
 C - 2 scrolls of enchant armour
 E - 2 scrolls of brand weapon
 O - a scroll of silence
Potions
 e - 5 potions of haste
 i - 3 potions of lignification {unknown}
 j - 4 potions of mutation {unknown}
 k - a potion of flight {unknown}
 m - 3 potions of brilliance {unknown}
 o - 4 potions of attraction {unknown}
 s - 4 potions of curing {unknown}
 u - a potion of cancellation {unknown}
 v - 2 potions of invisibility {unknown}
 z - a potion of resistance {unknown}
 B - 2 potions of heal wounds {unknown}
 L - a potion of ambrosia {unknown}


   Skills:
 + Level 4.9 Fighting
 + Level 7.0 Throwing
 + Level 3.2 Armour
 + Level 5.1 Dodging
 + Level 11.8 Unarmed Combat
 + Level 3.5 Spellcasting
 - Level 4.0 Translocations


You had 12 spell levels left.
You knew the following spells:

 Your Spells              Type           Power      Damage    Failure   Level
a - Blink                 Tloc           16%        N/A       100%        2
b - Lesser Beckoning      Tloc           8%         N/A       100%        3

Your spell library contained the following spells:

 Spells                   Type           Power      Damage    Failure   Level
 Apportation              Tloc           16%        N/A       100%        1
 Beastly Appendage        Tmut           2%         N/A       100%        1
 Magic Dart               Conj           4%         1d3       100%        1
 Shock                    Conj/Air       4%         1d3       100%        1
 Corpse Rot               Necr/Air       2%         N/A       100%        2
 Poisonous Vapours        Pois/Air       2%         N/A       100%        2
 Searing Ray              Conj           2%         2d4       100%        2
 Sublimation of Blood     Necr           1%         N/A       100%        2
 Wereblood                Tmut           1%         N/A       100%        2
 Gell's Gravitas          Tloc           8%         N/A       100%        3
 Mephitic Cloud           Conj/Pois/Air  1%         N/A       100%        3
 Ozocubu's Armour         Ice            1%         N/A       100%        3
 Portal Projectile        Hex/Tloc       10%        N/A       100%        3
 Spider Form              Tmut/Pois      1%         N/A       100%        3
 Swiftness                Air            1%         N/A       100%        3
 Teleport Other           Tloc           8%         N/A       100%        3
 Airstrike                Air            0%         N/A       100%        4
 Fulminant Prism          Conj/Hex       0%         3d6       100%        4
 Leda's Liquefaction      Hex/Erth       0%         N/A       100%        4
 Petrify                  Tmut/Erth      1%         N/A       100%        4
 Blade Hands              Tmut           0%         N/A       100%        5
 Excruciating Wounds      Necr           0%         N/A       100%        5
 Irradiate                Conj/Tmut      0%         3d13      100%        5
 Manifold Assault         Tloc           8%         N/A       100%        5
 Ozocubu's Refrigeration  Ice            0%         4d5       100%        7
 Animate Skeleton         Necr           Unusable   N/A       N/A         1
 Summon Small Mammal      Summ           Unusable   N/A       N/A         1
 Call Imp                 Summ           Unusable   N/A       N/A         2
 Call Canine Familiar     Summ           Unusable   N/A       N/A         3
 Summon Guardian Golem    Hex/Summ       Unusable   N/A       N/A         3

Dungeon Overview and Level Annotations

Branches:
Dungeon (15/15)            Temple (1/1) D:4             Orc (0/2) D:9
  Sewer (visited)
   Lair: D:8-11      Vaults: D:13-14     Depths: D:15

Altars:
Ashenzari
Cheibriados
Dithmenos
Elyvilon
Fedhas
Gozag
Hepliaklqana
Kikubaaqudgha
Makhleb
Nemelex Xobeh
Okawaru
Qazlal
Ru
Sif Muna
Trog
Uskayaw
Vehumet
Wu Jian
Xom
Yredelemnul
Zin
The Shining One

Shops:
D:8 (   D:15 (

Portals:
Ice
Cave: D:13


Innate Abilities, Weirdness & Mutations

You are too large for most types of armour.
You have claws for hands.
Your natural rate of healing is unusually fast.
You are covered in fur. (AC +1)
You have tough skin. (AC +1)


Message History

You open the door.
Found a stone staircase leading up.
There is an open door here.
You hear the faint crackling of a melting archway very nearby.
There is a stone staircase leading up here.
A slime creature comes into view.
The slime creature quivers.
A slime creature comes into view.
The slime creature quivers. 2 slime creatures come into view.
Found a frozen archway.
The slime creature quivers. x2
A slime creature comes into view.
The slime creature quivers.
The slime creature hits you but does no damage.
You scratch the slime creature.
The slime creature is lightly wounded.
The slime creature hits you but does no damage.
The slime creature attacks as you move away!
The slime creature hits you.
Two slime creatures merge to form a large slime creature. x2
Two slime creatures merge to form a very large slime creature.
The large slime creature hits you but does no damage.
You barely miss the large slime creature.
The large slime creature hits you!!
You scratch the large slime creature.
The large slime creature is lightly wounded.
Two slime creatures merge to form a titanic slime creature.
A slime creature comes into view.
You claw the titanic slime creature!
The titanic slime creature is lightly wounded.
You scratch the titanic slime creature.
The titanic slime creature is lightly wounded.
The titanic slime creature hits you!!!!
Ouch! That really hurt!
* * * LOW HITPOINT WARNING * * *
You mangle the titanic slime creature!!
The titanic slime creature is lightly wounded.
The titanic slime creature hits you!!!
You die...

.#. #.. .. #J##
#..# ##+## #.#
#...## #.# .....##
### #J# ......##
##.###@#
.......####...##.#
.......'<......#.#
.......####...##.#
......## ##.###.##
.....## #......#
#...## #.###..#
##+## #.# #..# #.#
...#


You could see a titanic slime creature and a slime creature.

Vanquished Creatures
  A two-headed ogre (D:7)
  6 ugly things (D:15)
  Maggie (D:8)
  A kobold demonologist (D:10)
  An unseen horror (D:10)
  2 komodo dragons
  A hornet (D:10)
  2 wraiths
  A steam dragon (D:8)
  6 yaks (D:9)
  2 vampire mosquitoes (D:14)
  The ghost of marpa the Digger, an amateur GrEE (D:4)
  3 water moccasins
  3 orc warriors
  3 ice beasts
  3 sky beasts
  A black bear (D:5)
  An ogre (D:5)
  2 centaurs (D:8)
  A phantom (D:7)
  6 kobold brigands
  6 bullfrogs
  3 necrophages
  A gnoll sergeant (D:7)
  2 scorpions
  A water moccasin skeleton (D:4)
  4 killer bees (D:8)
  4 howler monkeys (D:10)
  A bullfrog zombie (D:4)
  3 jellies
  3 gnoll shamans
  3 orc priests
  A hound (D:6)
  An iguana (D:5)
  A scorpion zombie (D:4)
  Natasha (thrice) (D:2)
  2 orc wizards
  5 hound zombies (D:4)
  3 hound skeletons (D:4)
  A mummy (D:15)
  Robin (D:4)
  13 adders
  22 gnolls
  7 river rats (Sewer)
  4 shadow imps
  A white imp (D:7)
  2 adder zombies (D:4)
  4 worms
  2 dart slugs
  11 orcs
  12 ball pythons
  7 endoplasms
  4 giant cockroaches
  16 goblins
  10 hobgoblins
  5 jackals
  8 quokkas
  4 bats
  7 frilled lizards
  30 kobolds
  A quokka zombie (D:4)
  27 rats
294 creatures vanquished.

Vanquished Creatures (others)
  30 plants (D:8)
30 creatures vanquished.

Grand Total: 324 creatures vanquished

Notes
Turn   | Place    | Note
-------+----------+-------------------------------------------
     0 | D:1      | dohliylev the Troll Warper began the quest for the Orb.
     0 | D:1      | Reached XP level 1. HP: 19/19 MP: 1/1
   118 | D:1      | Reached XP level 2. HP: 27/27 MP: 3/3
   128 | D:1      | Found a faded altar of an unknown god.
   495 | D:1      | Learned a level 2 spell: Blink
   551 | D:2      | Reached XP level 3. HP: 33/33 MP: 4/4
   641 | D:2      | Reached skill level 1 in Throwing
   650 | D:2      | Noticed Natasha
   665 | D:2      | Killed Natasha
   666 | D:2      | Reached skill level 3 in Unarmed Combat
   666 | D:2      | Reached XP level 4. HP: 42/42 MP: 5/5
   866 | D:2      | Noticed Natasha
   874 | D:2      | Killed Natasha
  1052 | D:2      | Noticed Natasha
  1114 | D:3      | Learned a level 3 spell: Lesser Beckoning
  1116 | D:2      | Killed Natasha
  1169 | D:2      | Reached XP level 5. HP: 49/49 MP: 6/6
  1174 | D:2      | Identified the +8 rapier "Ogre's Funeral" {vorpal, *Rage
                  | rCorr MP+9}
  1732 | D:3      | Found a glowing golden altar of the Shining One.
  2024 | D:3      | Found a sparkling altar of Nemelex Xobeh.
  2571 | D:3      | Found a shadowy altar of Dithmenos.
  2643 | D:4      | Reached skill level 4 in Unarmed Combat
  2674 | D:4      | Found a burning altar of Makhleb.
  2716 | D:4      | Reached XP level 6. HP: 57/57 MP: 7/7
  2775 | D:4      | Reached skill level 5 in Unarmed Combat
  2798 | D:4      | Noticed Robin
  2838 | D:4      | Killed Robin
  2861 | D:4      | Found a glowing drain.
  2871 | Sewer    | Entered a sewer
  3168 | Sewer    | Reached XP level 7. HP: 52/65 MP: 8/8
  3342 | D:4      | Reached skill level 6 in Unarmed Combat
  3475 | D:4      | Found a runed translucent gate.
  3475 | D:4      | Found a runed translucent gate.
  3475 | D:4      | Found a runed translucent gate.
  3475 | D:4      | Noticed marpa's ghost (amateur GrEE)
  3477 | D:4      | Found a basalt altar of Yredelemnul.
  3512 | D:4      | Found a staircase to the Ecumenical Temple.
  3529 | Temple   | Entered the Ecumenical Temple
  3878 | D:4      | Found an iron altar of Okawaru.
  3886 | D:4      | Became a worshipper of Warmaster Okawaru
  4038 | D:4      | Killed marpa's ghost
  4069 | D:5      | Entered Level 5 of the Dungeon
  4271 | D:5      | Reached skill level 7 in Unarmed Combat
  4271 | D:5      | Reached XP level 8. HP: 74/74 MP: 9/9
  4594 | D:5      | Reached * piety under Okawaru
  4911 | D:6      | Reached skill level 8 in Unarmed Combat
  4965 | D:6      | Identified the amulet of Peuw Zunk {Faith Will+ Stlth+}
  5192 | D:6      | Found an opulent altar of Gozag.
  5236 | D:6      | Reached ** piety under Okawaru
  5509 | D:7      | Noticed a two-headed ogre
  5517 | D:7      | Killed a two-headed ogre
  5517 | D:7      | Reached *** piety under Okawaru
  5518 | D:7      | Reached XP level 9. HP: 84/84 MP: 10/12
  5639 | D:7      | Reached **** piety under Okawaru
  5646 | D:7      | HP: 3/84 [orc warrior/+0 halberd (19)]
  5808 | D:7      | Found a sacrificial altar of Ru.
  5837 | D:7      | Reached skill level 5 in Throwing
  6135 | D:7      | Noticed a komodo dragon
  6140 | D:7      | Killed a komodo dragon
  6214 | D:7      | Reached ***** piety under Okawaru
  6420 | D:7      | Found an ancient bone altar of Kikubaaqudgha.
  6504 | D:7      | Reached XP level 10. HP: 86/93 MP: 13/13
  6743 | D:8      | Noticed Maggie
  6871 | D:8      | Killed Maggie
  6872 | D:8      | Reached skill level 9 in Unarmed Combat
  7657 | D:8      | Found a stormy altar of Qazlal.
  8056 | D:8      | Found Woohex's Hydra Hut.
  8060 | D:8      | Noticed a four-headed hydra
  8473 | D:9      | Found a staircase to the Orcish Mines.
  8603 | D:9      | Identified the +1 gold dragon scales "Tocu" {rPois rF+ rC+
                  | rN++ Regen+ Slay-2 SInv} (Okawaru gifted it to you on level
                  | 9 of the Dungeon)
  8603 | D:9      | Received a gift from Okawaru
  8604 | D:9      | Reached skill level 10 in Unarmed Combat
  8623 | D:9      | Reached skill level 5 in Dodging
  8639 | D:9      | Noticed a two-headed ogre
  8653 | D:10     | Entered Level 10 of the Dungeon
  9105 | D:10     | Reached skill level 1 in Armour
  9153 | D:10     | Noticed a two-headed ogre
  9166 | D:10     | Noticed a smoke demon
  9188 | D:10     | Reached ****** piety under Okawaru
  9189 | D:10     | Noticed a sixfirhy
  9218 | D:10     | Noticed a sixfirhy
  9302 | D:11     | Reached XP level 11. HP: 94/101 MP: 15/15
  9365 | D:11     | Noticed a boulder beetle
  9378 | D:11     | You fall into a shaft and drop 1 floor!
  9420 | D:12     | Noticed a boulder beetle
  9582 | D:12     | You fall into a shaft and drop 3 floors!
  9582 | D:15     | Entered Level 15 of the Dungeon
  9582 | D:15     | Noticed a brown ugly thing
  9582 | D:15     | Noticed a brown ugly thing
  9582 | D:15     | Noticed a brown ugly thing
  9582 | D:15     | Noticed a brown ugly thing
  9582 | D:15     | Noticed a brown ugly thing
  9582 | D:15     | Noticed a brown ugly thing
  9582 | D:15     | Found a snail-covered altar of Cheibriados.
  9608 | D:15     | Killed a brown ugly thing
  9609 | D:15     | Reached skill level 11 in Unarmed Combat
  9618 | D:15     | Killed a brown ugly thing
  9629 | D:15     | Killed a brown ugly thing
  9630 | D:15     | Killed a cyan ugly thing
  9633 | D:15     | Killed a purple ugly thing
  9644 | D:15     | Killed a brown ugly thing
  9701 | D:15     | Found Heshruun's Antique Weapon Emporium.
  9762 | D:14     | Noticed a centaur warrior
  9770 | D:13     | Identified a scroll of acquirement
  9776 | D:13     | Acquired the +0 tower shield "Izxuutem" {Will+ Str+2}
  9878 | D:13     | Found a frozen archway.
  9889 | D:13     | HP: 2/101 [titanic slime creature (72)]
  9890 | D:13     | Annihilated by a titanic slime creature

Illustrated notes

Levels and vault maps discovered:
D:1:      lemuel_arrival_lava_pool, layout_basic,
          chequers_ecumenical_altar_simple_redux
D:2:      layout_rooms, uniq_natasha
D:3:      layout_basic, nemelex_diamond_rough_becter,
          nicolae_overflow_hidden_temple, serial_corexii_hall,
          chequers_hall_statues_corner_a, chequers_hall_statues_y,
          chequers_hall_statues_corner_a, corexii_hall_statues_l,
          corexii_hall_statues_i, corexii_hall_statues_x, nrook_mini_vaults
D:4:      layout_basic, bloody_makhleb, nicolae_yredelemnul_ghost_church,
          okawaru_altar_gauntlet_db, minmay_temple_entry_sparse_star,
          cheibrodos_sewer_entry_drain, serial_undead, serial_undead_d,
          serial_undead_f, serial_undead_e, serial_undead_e,
          palyth_stone_intersect, minmay_cut_off, uniq_robin
D:5:      layout_loops_ring
D:6:      layout_basic, grunt_gozag_statues
D:7:      nzn_winding_woodlands_small [nzn_winding_woodlands_5x15_longhouse,
          nzn_winding_woodlands_center_diamonds,
          nzn_winding_woodlands_5x15_crooked], layout_loops_corners,
          general_overflow_altar, mainiacjoe_overflow_alcove_1
D:8:      layout_loops_corners, mainiacjoe_overflow_cross_hatched,
          nicolae_benzene_ring, doesnt_shop_hydraphobe, uniq_maggie
D:9:      layout_loops_ring, orc_0_dummy, uniq_maurice
D:10:     layout_long_grid, lair_entry_dummy
D:11:     layout_loops_ring, chequers_decorated_corner
D:12:     layout_roguey, nicolae_uskayaw_dance_hall, uniq_gastronok
D:13:     layout_loops_corners, erik_vaults_2, portal_ice_cave_entry_pillars_2,
          library_closet
D:14:     layout_basic, minmay_misc_feat_hallway
D:15:     grunt_enter_depths_hoard, layout_loops_ring,
          nicolae_figureground_pulse, serial_shops, nicolae_shop_waterfront,
          shop, shop, nicolae_square_shop, nicolae_shop_bloodbath_and_beyond,
          slow_altar_1
Temple:   nicolae_temple_x_marks_the_god

Skill      XL: |  1  2  3  4  5  6  7  8  9 10 11 |
---------------+----------------------------------+-----
Dodging        | 2 3 4 5 |  5.1
Throwing       | 1 3 6 7 |  7.0
Unarmed Combat | 3 4 5 7 8 10 11 | 11.8
Fighting       | 2 3 4 |  4.9
Translocations | 4 |  4.0
Spellcasting   | 2 3 |  3.5
Armour         | 1 3 |  3.2

Action                   |  1- 3 |  4- 6 |  7- 9 | 10-12 || total
-------------------------+-------+-------+-------+-------++-------
Melee: Unarmed           |    70 |   184 |   220 |   227 ||   701
       Punch             |       |     1 |    13 |    22 ||    36
Throw: Boomerang         |       |       |    35 |    16 ||    51
       Throwing net      |       |       |     1 |       ||     1
 Cast: Blink             |     2 |       |       |     1 ||     3
       Lesser Beckoning  |       |       |     7 |     6 ||    13
  Use: Scroll            |       |     6 |     1 |    12 ||    19
 Stab: Sleeping          |       |       |     2 |     1 ||     3
Armor: Robe              |    17 |    64 |    50 |       ||   131
       Acid dragon scale |       |       |       |    42 ||    42
       Gold dragon scale |       |       |       |    49 ||    49
Dodge: Dodged            |    22 |    88 |   107 |    70 ||   287

Table legend: (Time is in decaauts)
 A = Elapsed time spent in this place.
 B = Non-inter-level travel time spent in this place.
 C = Inter-level travel time spent in this place.
 D = Time resting spent in this place.
 E = Time spent auto-exploring this place.
 F = Levels seen in this place.
 G = Mean time per level.
                   A        B        C        D        E       F      G
               +--------+--------+--------+--------+--------+-----+--------+
         Total |   9877 |   9638 |    239 |   1491 |   5776 |  17 |  581.0 |
       Dungeon |   9306 |   9067 |    239 |   1416 |   5511 |  15 |  620.4 |
        Temple |     60 |     60 |      0 |      0 |     46 |   1 |   60.0 |
         Sewer |    510 |    510 |      0 |     75 |    219 |   1 |  510.0 |
               +--------+--------+--------+--------+--------+-----+--------+

Top non-repeatable levels by time:
     D:8: 1772 daAuts
     D:3: 1358 daAuts
     D:7: 1238 daAuts
     D:4: 942 daAuts
     D:5: 761 daAuts
     D:2: 702 daAuts
     D:6: 579 daAuts
     D:1: 526 daAuts
   Sewer: 510 daAuts
    D:10: 475 daAuts
    D:11: 240 daAuts
     D:9: 205 daAuts
    D:12: 203 daAuts
    D:13: 127 daAuts
    D:15: 122 daAuts
